AoeStats
← Red Calypso

Hill Fort

506453905Analyzed
3v3 RM · 19d ago on Sep 13, 2026· 94m 8s· 6 players
Game mode
Random Map
Map size
Normal (6 player)
Population
200
Speed
Normal
Resources
Standard
Victory
Conquest
Starting age
Dark Age
Ending age
Imperial Age
RankedLock teamsTeams togetherTeam positionsShared explorationLock speedFull tech treeHidden civsTurbo modeCheats
Victory
Defeat
🇦🇹 Berbers · Austria
1433
+12
🇩🇪 Goths · Germany
1324
+17
🇩🇪 Khitans · Germany
1292
+18
🇩🇪 Ethiopians · Germany
1406
-18
🇩🇪 Teutons · Germany
1340
-16
1275
-13
[SavBs] InTeamRed23
10:51 Feudal Age
14:25 Castle Age
12:49 Double-Bit Axe
12:53 Loom
13:17 Horse Collar
15:52 Bow Saw
17:59 Wheelbarrow
18:11 Heavy Plow
21:02 Padded Archer Armor
22:59 Fletching
24:41 Crossbowman
25:22 Bodkin Arrow
28:16 Hand Cart
30:20 Thumb Ring
33:09 Imperial Age
31:09 Ballistics
30:47 Town Watch
32:06 Thumb Ring
32:35 Town Patrol
32:52 Leather Archer Armor
33:14 Arbalester
33:55 Bracer
34:58 Chemistry
34:14 Stone Mining
34:15 Gold Mining
34:21 Gold Mining
36:42 Ring Archer Armor
37:59 Scale Barding Armor
38:05 Forging
38:33 Husbandry
38:54 Heavy Camel Rider
39:58 Chain Barding Armor
40:14 Iron Casting
42:57 Capped Ram
44:05 Siege Ram
48:11 Caravan
50:17 Elite Skirmisher
52:00 Blast Furnace
54:18 Conscription
54:22 Light Cavalry
55:11 Hussar
62:43 Coinage
64:14 Banking
67:44 Royal Heirs
78:15 Masonry
78:17 Fortified Wall
78:13 Siege Engineers
83:28 Architecture
83:05 Siege Engineers
[SavBs] General Tine Wittler
11:45 Feudal Age
13:17 Loom
13:27 Double-Bit Axe
16:17 Castle Age
15:09 Horse Collar
17:36 Wheelbarrow
17:13 Bow Saw
17:07 Heavy Plow
18:36 Fervor
19:48 Town Watch
21:33 Sanctity
23:58 Fletching
27:08 Forging
29:59 Hand Cart
29:27 Pikeman
33:52 Imperial Age
31:55 Squires
32:43 Scale Mail Armor
33:18 Iron Casting
33:14 Bodkin Arrow
33:41 Ballistics
34:22 Chemistry
33:45 Ballistics
34:19 Halberdier
35:08 Town Patrol
36:18 Arson
37:35 Blast Furnace
37:09 Redemption
38:03 Fortified Wall
37:34 Treadmill Crane
39:52 Two-Man Saw
40:53 Bracer
41:11 Masonry
41:14 Elite Skirmisher
43:03 Conscription
43:12 Caravan
44:27 Chain Mail Armor
44:13 Padded Archer Armor
46:00 Houfnice
48:20 Plate Mail Armor
51:49 Coinage
54:33 Siege Engineers
59:19 Leather Archer Armor
60:06 Banking
68:59 Architecture
69:55 Wagenburg Tactics
70:24 Ring Archer Armor
83:36 Murder Holes
87:32 Scale Barding Armor
chrissi.pk
11:00 Feudal Age
9:31 Loom
11:31 Loom
15:27 Castle Age
14:39 Bloodlines
14:19 Horse Collar
15:24 Scale Barding Armor
18:21 Forging
18:20 Town Watch
21:07 Wheelbarrow
21:08 Chain Barding Armor
22:50 Pikeman
26:48 Gold Mining
26:46 Double-Bit Axe
27:53 Iron Casting
28:45 Heavy Plow
29:03 Bow Saw
36:15 Imperial Age
37:01 Hand Cart
36:44 Fletching
37:32 Plate Barding Armor
36:31 Cavalier
39:16 Blast Furnace
39:33 Town Patrol
40:36 Two-Man Saw
42:00 Crop Rotation
41:45 Stone Mining
43:43 Caravan
44:34 Stone Shaft Mining
43:56 Fletching
47:23 Paladin
51:19 Masonry
64:52 Bodkin Arrow
71:19 Fortified Wall
Red Calypso
5:03 Loom
11:48 Feudal Age
15:40 Castle Age
14:41 Double-Bit Axe
14:41 Horse Collar
22:35 Bow Saw
25:13 Wheelbarrow
27:52 Heavy Plow
28:10 Gold Mining
28:10 Stone Mining
28:41 Hand Cart
34:41 Imperial Age
31:58 Town Watch
32:45 Fletching
32:56 Padded Archer Armor
33:03 Scale Barding Armor
33:09 Forging
33:34 Bodkin Arrow
33:54 Leather Archer Armor
35:00 Ballistics
34:43 Kasbah
34:47 Husbandry
35:36 Chain Barding Armor
35:51 Iron Casting
35:33 Bloodlines
35:25 Bracer
36:28 Chemistry
34:53 Light Cavalry
35:59 Conscription
37:03 Ring Archer Armor
36:07 Hussar
38:22 Plate Barding Armor
38:48 Blast Furnace
38:00 Thumb Ring
38:46 Elite Genitour
40:47 Crop Rotation
40:03 Heavy Camel Rider
40:57 Siege Engineers
41:50 Treadmill Crane
44:21 Masonry
45:14 Maghrebi Camels
44:35 Elite Camel Archer
49:46 Caravan
50:51 Gold Shaft Mining
50:51 Stone Shaft Mining
55:36 Murder Holes
59:17 Town Patrol
65:14 Hoardings
69:50 Capped Ram
69:57 Cavalier
85:10 Fortified Wall
88:00 Guilds
Murschann
5:19 Loom
11:26 Feudal Age
15:30 Castle Age
14:23 Scale Barding Armor
14:40 Forging
15:02 Double-Bit Axe
15:38 Domestication
16:47 Bow Saw
21:00 Husbandry
23:31 Iron Casting
25:41 Pastoralism
29:45 Wheelbarrow
34:50 Imperial Age
33:22 Fletching
33:32 Padded Archer Armor
33:17 Heavy Cavalry Archer
34:05 Thumb Ring
35:07 Elite Genitour
36:13 Parthian Tactics
36:38 Bodkin Arrow
36:59 Leather Archer Armor
38:45 Bracer
39:16 Ring Archer Armor
40:14 Heavy Camel Rider
41:54 Chain Barding Armor
45:50 Chemistry
45:47 Ballistics
48:29 Ordo Cavalry
51:20 Capped Ram
52:32 Caravan
52:26 Siege Ram
60:23 Hand Cart
62:11 Conscription
69:58 Plate Barding Armor
73:19 Coinage
75:21 Banking
laggysnapy
11:58 Feudal Age
10:18 Loom
15:42 Castle Age
13:55 Double-Bit Axe
14:12 Horse Collar
16:43 Bow Saw
17:10 Wheelbarrow
18:34 Town Watch
18:52 Heavy Plow
20:03 Scale Mail Armor
25:20 Fletching
26:12 Chain Mail Armor
25:19 Pikeman
26:00 Squires
26:25 Hand Cart
26:57 Forging
28:21 Iron Casting
28:02 Hand Cart
31:09 Gold Mining
34:44 Imperial Age
32:11 Bodkin Arrow
32:38 Man-at-Arms
33:48 Anarchy
33:55 Long Swordsman
36:56 Blast Furnace
35:20 Elite Huskarl
36:21 Conscription
36:02 Perfusion
36:18 Two-Handed Swordsman
37:13 Champion
39:26 Halberdier
43:00 Caravan
50:30 Stone Mining
52:42 Masonry
53:10 Capped Ram
54:48 Crop Rotation
55:22 Two-Man Saw
57:45 Coinage
59:27 Banking
63:54 Architecture
71:23 Bracer
71:47 Ballistics
72:27 Chemistry
71:25 Murder Holes
90:00 Heavy Scorpion
90:04 Onager
Connection lost

Rejoining the realm…

Still unreachable

The connection could not be restored.

Session expired

The server has moved on; the page needs a fresh start.